 Dungeon Crawl Stone Soup version 0.22-a0-398-g8bb545f (webtiles) character file.

21 stankywizzleteets the Conjurer (level 2, -2/16 HPs)
             Began as a Felid Conjurer on May 5, 2018.
             Slain by an adder (3 damage)
             ... on level 2 of the Dungeon on June 14, 2018.
             The game lasted 00:08:24 (864 turns).

stankywizzleteets the Conjurer (Felid Conjurer)      Turns: 864, Time: 00:08:25

Health: -2/16      AC: 21    Str:  4    XL:     2   Next: 65%
Magic:  1/6        EV:  4    Int: 16    God:
Gold:   26         SH:  0    Dex: 16    Spells: 4/5 levels left
                                        Lives:  0   Deaths: 0

rFire    . . .     SeeInvis +   (weapon unavailable)
rCold    . . .     Gourm    .   (shield unavailable)
rNeg     + + +     Faith    .   (armour unavailable)
rPois    +         Spirit   .   (helmet unavailable)
rElec    .         Reflect  .   (cloak unavailable)
rCorr    .         Harm     .   (gloves unavailable)
MR       .....     NoTele   +   (boots unavailable)
Stlth    ++........             (no amulet)
HPRegen  0.05/turn              (no ring)
MPRegen  0.10/turn              (no ring)

@: tree-form
A: very small, no armour, no weapons or thrown items, stealth, see invisible,
carnivore, slow metabolism 1
a: no special abilities


You were on level 2 of the Dungeon.
You were not hungry.
You were a tree.
You visited 1 branch of the dungeon, and saw 2 of its levels.

You collected 26 gold pieces.

Inventory:

Scrolls
 d - a scroll of remove curse {unknown}
Potions
 c - 2 potions of flight {unknown}
 e - a potion of degeneration {unknown}
 f - a potion of magic {unknown}
Comestibles
 b - 3 rations
 g - 3 chunks of flesh


   Skills:
 + Level 2.8 Dodging
 + Level 2.7 Stealth
 + Level 2.2 Spellcasting
 + Level 4.1 Conjurations


You had 4 spell levels left.
You knew the following spells:

 Your Spells              Type           Power        Failure   Level  Hunger
a - Magic Dart            Conj           ###.         3%          1    #......


Dungeon Overview and Level Annotations

Branches:
Dungeon (2/15)

Altars:


Innate Abilities, Weirdness & Mutations

You cannot wear armour.
You are incapable of wielding weapons or throwing items.
Your paws allow you to move quietly. (Stealth)
((You have sharp claws.))
((You have razor-sharp teeth.))
You have supernaturally acute eyesight. (SInv)
You are carnivorous and can eat meat at any time.
((You cover ground quickly.))
((You are covered in fur. (AC +1)))
You have a slow metabolism.
((Your sharp claws are effective at attacking unaware monsters.))


Message History

You cannot move.
You cannot move.
You cannot move.
You cannot move.
You cannot move.
You cannot move.
You cannot move.
You cannot move.
The adder bites you but does no damage. The hobgoblin barely misses you.
Number of times to repeat, then command key: You must enter the number of times for the command to repeat.
The adder bites you but does no damage. The hobgoblin hits you with a club.
* * * LOW HITPOINT WARNING * * *
The adder bites you but does no damage.
The hobgoblin hits you but does no damage.
The adder bites you but does no damage. The adder bites you but does no damage.
The hobgoblin hits you but does no damage.
The adder bites you.
You die...

##.# #...
##..
######...
........#
....$...#
#ll# #gS#
#.♣#
#.......#
....#.....#
.#..........
....#.....#.#
....#b....#.#
### .##.### #
.. ..#


You could see an adder, a leopard gecko, a hobgoblin, a bat and a frilled
lizard.

Vanquished Creatures
  A dart slug (D:1)
  3 bats (D:1)
  A hobgoblin (D:1)
  A kobold (D:2)
  3 ball pythons
  3 frilled lizards (D:1)
  4 goblins
  5 rats (D:1)
21 creatures vanquished.

Notes
Turn   | Place    | Note
-------+----------+-------------------------------------------
     0 | D:1      | stankywizzleteets the Felid Conjurer began the quest for the Orb.
     0 | D:1      | Reached XP level 1. HP: 7/7 MP: 4/4
   336 | D:1      | Reached XP level 2. HP: 11/11 MP: 0/6
   513 | D:1      | Reached skill level 4 in Conjurations
   864 | D:2      | Slain by an adder

Vault maps used:
D:1:      dpeg_arrival_tiny_i

Skill      XL: |  1  2 |
---------------+-------+-----
Conjurations   | 4 |  4.1
Dodging        | |  2.8
Stealth        | |  2.7
Spellcasting   | |  2.2

Action                   || total
-------------------------++-------
Melee: Unarmed           ||     9
       Bite              ||     1
 Cast: Magic Dart        ||    32
  Use: Potion            ||     1
  Eat: Chunk             ||     2
Armor: Skin              ||    11
Dodge: Dodged            ||    21

Table legend:
 A = Spawn XP
 B = Non-spawn XP
 C = Spawn XP percentage of total XP
 D = Spawn monster count
 E = Non-spawn monster count
 F = Spawn count percentage of total count
 G = Total turns spent on level
                    A         B        C        D         E        F      G
               +---------+---------+-------+---------+---------+-------+---------
         Total |       0 |      31 |   0.0 |       0 |      21 |   0.0 |   864
               +---------+---------+-------+---------+---------+-------+---------
           D:1 |       0 |      26 |   0.0 |       0 |      18 |   0.0 |   850
           D:2 |       0 |       5 |   0.0 |       0 |       3 |   0.0 |    14
               +---------+---------+-------+---------+---------+-------+---------
